 Dungeon Crawl Stone Soup version 0.28.0-43-g3370ac3207 (webtiles) character file.

Game seed: 9225387399000937000

790 themarg the Skirmisher (level 7, -2/59 (62) HPs)
             Began as a Minotaur Berserker on Mar 3, 2022.
             Was a Priest of Trog.
             Shot with a stone by a wight (5 damage)
             ... on level 4 of the Dungeon.
             The game lasted 00:10:11 (3707 turns).

themarg the Skirmisher (Minotaur Berserker)         Turns: 3707, Time: 00:10:11

HP:   -2/59 (62)    AC:  3    Str: 24    XL:     7   Next: 57%
MP:   6/6           EV: 12    Int:  4    God:    Trog [***...]
Gold: 168           SH:  0    Dex:  9    Spells: 6/6 levels left

rFire   . . .      SeeInvis .   t - +8 dagger of Ignis's Favour {vorpal, rPois}
rCold   . . .      Faith    .   (no shield)
rNeg    . . .      Spirit   .   g - +0 leather armour
rPois   +          Reflect  .   (helmet restricted)
rElec   .          Harm     .   (no cloak)
rCorr   .          Rampage  .   (no gloves)
Will    .....                   (no boots)
Stlth   +.........              (no amulet)
HPRegen 0.19/turn               (no ring)
MPRegen 0.10/turn               (no ring)

@: on berserk cooldown, slowed, lightly drained, very slow
A: horns 2, retaliatory headbutt
a: Renounce Religion, Berserk, Trog's Hand


You were on level 4 of the Dungeon.
You worshipped Trog.
Trog was most pleased with you.
You visited 1 branch of the dungeon, and saw 4 of its levels.

You collected 168 gold pieces.

Inventory:

Hand Weapons
 a - a +0 hand axe
 c - a +2 short sword of electrocution
 t - the +8 dagger of Ignis's Favour (weapon) {vorpal, rPois}
   (You found it on level 4 of the Dungeon)

   It inflicts extra damage upon your enemies.
   rPois:     It protects you from poison.
Missiles
 d - 130 stones (quivered)
 m - 2 poisoned darts
 u - a throwing net
Armour
 b - a +0 animal skin
 g - a +0 leather armour (worn)
Jewellery
 p - a ring of magical power
 y - an amulet of regeneration
Wands
 l - a wand of polymorph (1)
Scrolls
 h - a scroll of teleportation {unknown}
 i - a scroll of fog {unknown}
 k - a scroll of immolation {unknown}
 v - a scroll of silence {unknown}
 w - a scroll of identify {unknown}
Potions
 e - 2 potions of ambrosia {unknown}
 f - a potion of degeneration {unknown}
 j - 4 potions of brilliance {unknown}
 n - a potion of curing {unknown}
 o - a potion of magic {unknown}
 q - 2 potions of berserk rage {unknown}
 r - 2 potions of attraction {unknown}
 s - 2 potions of heal wounds {unknown}
 x - a potion of invisibility


   Skills:
 + Level 5.9 Fighting
 + Level 5.2 Short Blades
 - Level 4.7 Axes
 + Level 4.1 Armour
 + Level 4.0 Dodging
 + Level 1.3 Stealth
 + Level 1.7 Unarmed Combat


You had 6 spell levels left.
You didn't know any spells.
Your spell library was empty.

Dungeon Overview and Level Annotations

Branches:
Dungeon (4/15)             Temple (0/1) D:4

Altars:
Makhleb


Innate Abilities, Weirdness & Mutations

You have a pair of horns on your head.
You reflexively headbutt those who attack you in melee.


Message History

* * * LOW HITPOINT WARNING * * *
You feel drained.
* * * LOW HITPOINT WARNING * * *
You puncture the wight!
You headbutt the wight, but do no damage.
The wight is almost destroyed.
An orc priest comes into view. It is wielding a +0 mace.
The wight barely misses you.
The orc priest shouts!
You hit the wight but do no damage.
The wight is almost destroyed.
You puncture the wight!
You destroy the wight!
Trog accepts your kill.
Your Dodging skill increases to level 4! 2 wights come into view.
Items here: ))) [[ ††.
You hit the orc priest.
The orc priest is heavily wounded.
The orc priest barely misses you.
You hit the orc priest. You punch the orc priest.
You kill the orc priest!
Trog accepts your kill.
A wight comes into view. It is wielding a +0 long sword.
Things that are here:
a +0 long sword; a +0 plate armour You feel a strong urge to attack something.
The wight misses you.
Things that are here:
a +0 mace; a +0 robe; an orc corpse You feel your anger nearly subside.
You are no longer berserk.
You are exhausted.
You feel yourself slow down.
The wight hits you from afar with a +3 trident!
* * * LOW HITPOINT WARNING * * *
Things that are here:
a +0 mace; a +0 robe; an orc corpse The wight unwields a +5 hand axe.
The wight wields a +0 hunting sling.
The wight shoots a stone.
The stone hits you.
You die...

# #######
.......
.#####. ####
.# ..# .# .
#.##### .#
....###.#...#
.#
....zzz.).#.#
..
#...###.#@).#
## # #
#.##)#### .
..##...># .#
########.#
###.## #.#
.....## #.#
..#...# #.#
.....##.. #.#
........#
####.#


You could see 3 wights.

Vanquished Creatures
  Grinder (D:3)
  A black bear (D:4)
  A centaur (D:4)
  A bullfrog (D:4)
  A wight (D:4)
  An orc priest (D:4)
  Jessica (D:3)
  An orc wizard (D:4)
  Natasha (thrice) (D:2)
  A hound skeleton (D:4)
  3 adders
  An ufetubus (D:4)
  5 dart slugs
  9 orcs (D:4)
  10 endoplasms
  2 giant cockroaches
  9 goblins
  7 hobgoblins
  7 jackals
  11 kobolds
  5 quokkas
  6 ball pythons
  3 bats (D:2)
  4 frilled lizards
  8 rats
102 creatures vanquished.

Notes
Turn   | Place    | Note
-------+----------+-------------------------------------------
     0 | D:1      | themarg the Minotaur Berserker began the quest for the Orb.
     0 | D:1      | Reached XP level 1. HP: 19/19 MP: 0/0
    94 | D:1      | Reached XP level 2. HP: 10/27 MP: 1/1
   629 | D:1      | Reached XP level 3. HP: 33/33 MP: 2/2
   668 | D:1      | Found a faded altar of an unknown god.
   979 | D:2      | Noticed Natasha
   983 | D:2      | Killed Natasha
   984 | D:2      | Reached skill level 1 in Short Blades
  1176 | D:2      | Noticed Natasha
  1183 | D:2      | Reached ** piety under Trog
  1184 | D:2      | Reached XP level 4. HP: 41/41 MP: 3/3
  1190 | D:2      | Killed Natasha
  1199 | D:2      | Noticed Natasha
  1211 | D:2      | Killed Natasha
  1641 | D:2      | Reached XP level 5. HP: 47/47 MP: 4/4
  1768 | D:3      | Noticed Grinder
  1782 | D:3      | Paralysed by something for 3 turns
  1790 | D:3      | HP: 3/70 [something (2)]
  1791 | D:3      | Killed Grinder
  1792 | D:3      | Reached skill level 5 in Fighting
  1792 | D:3      | Reached skill level 1 in Unarmed Combat
  1792 | D:3      | Reached XP level 6. HP: 3/56 MP: 5/5
  2305 | D:3      | Noticed Jessica
  2319 | D:3      | Identified the +0 leather armour of Niesiusm {Int+4 Dex+3
                  | Stlth-}
  2324 | D:3      | Killed Jessica
  2938 | D:4      | Identified the +8 dagger of Ignis's Favour {vorpal, rPois}
  2991 | D:4      | Found a staircase to the Ecumenical Temple.
  3080 | D:4      | Reached skill level 1 in Stealth
  3126 | D:4      | Reached XP level 7. HP: 52/61 MP: 6/6
  3129 | D:4      | Reached *** piety under Trog
  3568 | D:4      | Found a burning altar of Makhleb.
  3686 | D:4      | Reached skill level 5 in Short Blades
  3707 | D:4      | Shot with a stone by a wight

Illustrated notes

Levels and vault maps discovered:
D:1:      saegor_arrival_under_anarchy, layout_basic,
          dreamdust_ecumenical_altar_angels_and_demons
D:2:      layout_rooms, nrook_mini_backslash, uniq_natasha
D:3:      layout_basic, uniq_jessica, uniq_grinder
D:4:      cheibrodos_barr_body, layout_loops_cross, bloody_makhleb,
          minmay_temple_entry_glassed_door

Skill      XL: |  1  2  3  4  5  6  7 |
---------------+----------------------+-----
Axes           | 4 |  4.7
Fighting       | 4 5 |  5.9
Short Blades   | 1 3 4 5 |  5.2
Armour         | 3 4 |  4.1
Dodging        | 3 4 |  4.0
Unarmed Combat | 1 |  1.7
Stealth        | 1 |  1.3

Action                   |  1- 3 |  4- 6 |  7- 9 || total
-------------------------+-------+-------+-------++-------
Melee: Hand axe          |    12 |       |       ||    12
       Headbutt          |     7 |     7 |     9 ||    23
       Short sword       |    50 |    71 |       ||   121
       Unarmed           |     3 |    14 |       ||    17
       Dagger            |       |    11 |    47 ||    58
       Punch             |       |     2 |     2 ||     4
Invok: Berserk           |     1 |     3 |     1 ||     5
 Stab: Sleeping          |       |       |     1 ||     1
Armor: Animal skin       |     5 |       |       ||     5
       Leather armour    |     3 |    15 |     5 ||    23
       Skin              |       |     5 |       ||     5
Dodge: Dodged            |    36 |    64 |    20 ||   120
